 Dungeon Crawl Stone Soup version 0.22-a0-231-g1b571ea (webtiles) character file.

47 tidbits the Insei (level 3, 0/28 HPs)
             Began as a Gnoll Transmuter on Feb 20, 2018.
             Slain by a gnoll
             ... wielding a +0 spear
              (9 damage)
             ... on level 2 of the Dungeon.
             The game lasted 00:02:37 (273 turns).

tidbits the Insei (Gnoll Transmuter)                 Turns: 273, Time: 00:02:38

Health: 0/28       AC:  2    Str: 12    XL:     3   Next: 70%
Magic:  1/9        EV: 23    Int: 16    God:
Gold:   34         SH:  0    Dex: 20    Spells: 6/12 levels left

rFire    . . .     SeeInvis .     - Unarmed
rCold    . . .     Gourm    .   (shield currently unavailable)
rNeg     . . .     Faith    .   (armour currently unavailable)
rPois    x         Spirit   .   (helmet currently unavailable)
rElec    .         Reflect  .   (cloak currently unavailable)
rCorr    .         Harm     .   (gloves currently unavailable)
MR       .....                  (boots currently unavailable)
Stlth    ++........             (no amulet)
HPRegen  0.09/turn              (no ring)
MPRegen  0.11/turn              (no ring)

@: spider-form
A: tiny, distributed training, strong nose
a: End Transformation


You were on level 2 of the Dungeon.
You were not hungry.
You were a venomous arachnid creature.
You visited 1 branch of the dungeon, and saw 2 of its levels.

You collected 34 gold pieces.

Inventory:

Hand Weapons
 d - a +0 short sword
 e - a +0 dagger
 j - a +0 hand axe of freezing
   (You found it on level 1 of the Dungeon)
Missiles
 a - 12 arrows
 f - 26 bolts
Armour
 b - a +0 robe (melded)
Scrolls
 h - a scroll of random uselessness {unknown}
 i - 2 scrolls of teleportation {unknown}
Potions
 g - a potion of flight
Comestibles
 c - 2 rations


   Skills:
 + Level 2.6 Fighting
 + Level 0.9 Short Blades
 + Level 0.9 Long Blades
 + Level 0.9 Axes
 + Level 0.9 Maces & Flails
 + Level 0.9 Polearms
 + Level 0.9 Staves
 + Level 0.9 Slings
 + Level 0.9 Bows
 + Level 0.9 Crossbows
 + Level 0.9 Throwing
 + Level 0.9 Armour
 + Level 4.5 Dodging
 + Level 0.9 Stealth
 + Level 0.9 Shields
 + Level 6.5 Unarmed Combat
 + Level 5.0 Spellcasting
 + Level 0.6 Conjurations
 + Level 0.6 Hexes
 + Level 0.6 Charms
 + Level 0.6 Summonings
 + Level 0.6 Necromancy
 + Level 0.6 Translocations
 + Level 3.8 Transmutations
 + Level 0.6 Fire Magic
 + Level 0.6 Ice Magic
 + Level 0.6 Air Magic
 + Level 0.6 Earth Magic
 + Level 0.6 Poison Magic
 + Level 1.0 Invocations
 + Level 0.9 Evocations


You had 6 spell levels left.
You knew the following spells:

 Your Spells              Type           Power        Failure   Level  Hunger
e - Beastly Appendage     Tmut           ###...       11%         1    None
k - Sticks to Snakes      Tmut           ###.....     14%         2    #......
p - Spider Form           Tmut/Pois      ##........   38%         3    ###....


Dungeon Overview and Level Annotations

Branches:
Dungeon (2/15)

Altars:


Innate Abilities, Weirdness & Mutations

Your experience applies equally to all skills.
((You have very sharp teeth.))
Your uncanny sense of smell can sniff out nearby items.


Message History

Your +0 robe unmelds from your body.
Your magical contamination has completely faded away.
Found a runed hand axe.
A bat and a rat come into view.
The bat barely misses you.
Casting: Spider Form (safe; 19% risk of failure)
Confirm with . or Enter, or press ? or * to list all spells.
You miscast Spider Form.
You are very lightly contaminated with residual magic.
Your hands glow momentarily.
The bat hits you.
* * * LOW HITPOINT WARNING * * *
Casting: Spider Form (safe; 19% risk of failure)
Confirm with . or Enter, or press ? or * to list all spells.
You turn into a venomous arachnid creature.
Your +0 robe melds into your body.
The bat closely misses you. The bat completely misses you.
You bite the bat!
You kill the bat!
Found a leather armour.
Found an escape hatch in the floor.
You barely miss the rat. The rat completely misses you.
You hit the rat.
You kill the rat!
You see here a runed hand axe.
j - a runed hand axe Your transformation is almost over.
There is an escape hatch in the floor here.
Your magical contamination has completely faded away.
You slide downwards.
The hatch slams shut behind you.
A frilled lizard and a kobold come into view.
The frilled lizard hisses angrily.
The kobold shouts!
Your transformation has ended.
Your +0 robe unmelds from your body.
The frilled lizard moves out of view.
Casting: Spider Form (safe; 19% risk of failure)
Confirm with . or Enter, or press ? or * to list all spells.
You turn into a venomous arachnid creature.
Your +0 robe melds into your body.
A hobgoblin comes into view.
The hobgoblin shouts!
You bite the kobold!
You kill the kobold!
The hobgoblin moves out of view.
Found a spear.
A quokka comes into view.
Things that are here:
a short sword; a kobold corpse The quokka moves out of view.
You hit the hobgoblin.
The hobgoblin is severely wounded.
Your transformation is almost over.
You hit the hobgoblin.
You kill the hobgoblin!
You hit the frilled lizard.
The frilled lizard is poisoned.
The frilled lizard is heavily wounded.
The frilled lizard misses you. The quokka closely misses you.
You bite the frilled lizard!
You kill the frilled lizard!
The quokka completely misses you.
You barely miss the quokka. The quokka misses you.
You barely miss the quokka. The quokka barely misses you.
You closely miss the quokka. The quokka completely misses you.
You barely miss the quokka. The quokka completely misses you.
You barely miss the quokka.
The quokka bites you but does no damage.
You hit the quokka.
You kill the quokka!
You enter the shallow water.
Moving in this stuff is going to be slow.
Your transformation has ended.
Your +0 robe unmelds from your body.
You see here a frilled lizard corpse.
Unknown command.
You see here a spear.
You see here a spear.
Found a ration.
Found 16 gold pieces.
As you open the door, it creaks loudly!
A gnoll comes into view. It is wielding a spear.
The gnoll shouts!
Found 16 stones.
A gnoll comes into view. It is wielding a spear.
Casting: Spider Form (safe; 19% risk of failure)
Confirm with . or Enter, or press ? or * to list all spells.
You turn into a venomous arachnid creature.
Your +0 robe melds into your body.
You bite the gnoll!
You kill the gnoll!
Your Invocations skill increases to level 1!
A quokka comes into view.
You hit the gnoll.
The gnoll is poisoned.
The gnoll is lightly wounded.
The gnoll completely misses you.
You bite the gnoll!
The gnoll is severely wounded.
The quokka misses you. The gnoll hits you with a spear.
* * * LOW HITPOINT WARNING * * *
You hit the gnoll but do no damage.
The gnoll looks as sick as possible!
The gnoll is severely wounded.
The quokka completely misses you. The gnoll hits you with a spear!
You die...

∆ #.♣..♣..P§..#
.♣..♣P♣§§♣.#
..♣.§.§PP..# .
♣.♣§♣♣§♣...# ♣.P♣♣
♣.♣.♣....#.#
.PPP..♣♣.♣..♣...#.#
P.♣P...P♣)♣♣.## #
..♣♣r..♣.♣..#.#
♣..♣.♣.♣s###♣.P.♣.#
♣....g## #♣....#
..%.♣..#'gg.+#P..##
$ ♣P. ##.##.♣..#
♣♣. #PP..♣# .♣
♣♣.P.♣ # ♣♣###


You could see a gnoll and a quokka.

Vanquished Creatures
  2 gnolls
  2 dart slugs (D:1)
  A leopard gecko (D:1)
  2 bats (D:1)
  2 hobgoblins
  5 jackals (D:1)
  A quokka (D:2)
  2 frilled lizards
  2 goblins (D:1)
  3 kobolds
  A rat (D:1)
23 creatures vanquished.

Notes
Turn   | Place    | Note
-------+----------+-------------------------------------------
     0 | D:1      | tidbits the Gnoll Transmuter began the quest for the Orb.
     0 | D:1      | Reached XP level 1. HP: 17/17 MP: 6/6
    42 | D:1      | Reached XP level 2. HP: 17/23 MP: 5/7
    60 | D:1      | Learned a level 2 spell: Sticks to Snakes
   105 | D:1      | Reached XP level 3. HP: 16/28 MP: 7/9
   110 | D:1      | Learned a level 3 spell: Spider Form
   126 | D:1      | Reached skill level 5 in Spellcasting
   270 | D:2      | Reached skill level 1 in Invocations
   273 | D:2      | Slain by a gnoll

Vault maps used:
D:1:      lemuel_arrival_behind_the_door_large
D:2:      wad_woods_tower

Skill      XL: |  1  2  3 |
---------------+----------+-----
Spellcasting   | 5 |  5.0
Invocations    | 1 |  1.0
Fighting       | |  2.6
Short Blades   | |  0.9
Long Blades    | |  0.9
Axes           | |  0.9
Maces & Flails | |  0.9
Polearms       | |  0.9
Staves         | |  0.9
Slings         | |  0.9
Bows           | |  0.9
Crossbows      | |  0.9
Throwing       | |  0.9
Armour         | |  0.9
Dodging        | |  4.5
Stealth        | |  0.9
Shields        | |  0.9
Unarmed Combat | |  6.5
Conjurations   | |  0.6
Hexes          | |  0.6
Charms         | |  0.6
Summonings     | |  0.6
Necromancy     | |  0.6
Translocations | |  0.6
Transmutations | |  3.8
Fire Magic     | |  0.6
Ice Magic      | |  0.6
Air Magic      | |  0.6
Earth Magic    | |  0.6
Poison Magic   | |  0.6
Evocations     | |  0.9

Action                   || total
-------------------------++-------
Melee: Unarmed           ||    61
       Kick              ||     4
       Bite              ||     3
       Headbutt          ||     2
       Punch             ||     1
 Cast: Beastly Appendage ||     9
       Spider Form       ||     4
  Use: Potion            ||     1
Armor: Robe              ||     1
       Skin              ||     1
Dodge: Dodged            ||    30

Table legend:
 A = Spawn XP
 B = Non-spawn XP
 C = Spawn XP percentage of total XP
 D = Spawn monster count
 E = Non-spawn monster count
 F = Spawn count percentage of total count
 G = Total turns spent on level
                    A         B        C        D         E        F      G
               +---------+---------+-------+---------+---------+-------+---------
         Total |       0 |      68 |   0.0 |       0 |      23 |   0.0 |   273
               +---------+---------+-------+---------+---------+-------+---------
           D:1 |       0 |      49 |   0.0 |       0 |      18 |   0.0 |   234
           D:2 |       0 |      19 |   0.0 |       0 |       5 |   0.0 |    39
               +---------+---------+-------+---------+---------+-------+---------

Table legend:
 A = Turns spent in this place as a percentage of turns spent in the entire game.
 B = Non-inter-level travel turns spent in this place as a percentage of non-inter-level travel turns spent in the entire game.
 C = Inter-level travel turns spent in this place as a percentage of turns spent in this place.
 D = Turns resting spent in this place as a percentage of non-inter-level travel turns spent in this place.
 E = Turns spent auto-exploring this place as a percentage of non-inter-level travel turns spent in this place.
 F = Non-inter-level travel turns spent in this place divided by the number of levels of this place that you've seen.
                   A       B       C       D       E      F
               +-------+-------+-------+-------+-------+----------------------
         Total | 100.0 | 100.0 |   0.0 |   0.0 |   0.0 | 136.5
       Dungeon | 100.0 | 100.0 |   0.0 |   0.0 |   0.0 | 136.5
               +-------+-------+-------+-------+-------+----------------------

Table legend:
 A = Kills in this place as a percentage of kills in entire the game.
 B = Kills by you in this place as a percentage of kills by you in the entire game.
 C = Kills by friends in this place as a percentage of kills by friends in the entire game.
 D = Other kills in this place as a percentage of other kills in the entire game.
 E = Experience gained in this place as a percentage of experience gained in the entire game.
 F = Experience gained in this place divided by the number of levels of this place that you have seen.
                   A       B       C       D       E      F
               +-------+-------+-------+-------+-------+----------------------
         Total | 100.0 | 100.0 |   N/A |   N/A | 100.0 |  34.0
       Dungeon | 100.0 | 100.0 |   N/A |   N/A | 100.0 |  34.0
               +-------+-------+-------+-------+-------+----------------------

Vault maps used:
D:1:      lemuel_arrival_behind_the_door_large
D:2:      wad_woods_tower
